 Dungeon Crawl Stone Soup version 0.23-a0-384-g3a68796 (webtiles) character file.

25 Cryolive the Digger (level 3, -3/19 HPs)
             Began as a Gargoyle Earth Elementalist on Oct 27, 2018.
             Slain by a gnoll
             ... wielding a +1 antimagic whip
              (6 damage)
             ... on level 1 of the Dungeon.
             The game lasted 00:03:19 (987 turns).

Cryolive the Digger (Gargoyle Earth Elementalist)    Turns: 987, Time: 00:03:19

Health: -3/19      AC:  5    Str: 11    XL:     3   Next: 6%
Magic:  0/7        EV: 12    Int: 16    God:
Gold:   50         SH:  0    Dex: 10    Spells: 3/7 levels left

rFire    . . .     SeeInvis .   m - +0 mace
rCold    . . .     Gourm    .   (no shield)
rNeg     + . .     Faith    .   c - +0 robe
rPois    ∞         Spirit   .   (no helmet)
rElec    +         Reflect  .   (no cloak)
rCorr    .         Harm     .   (no gloves)
MR       .....                  (no boots)
Stlth    ++........             (no amulet)
HPRegen  0.06/turn              (no ring)
MPRegen  0.10/turn              (no ring)

@: no status effects
A: negative energy resistance 1, electricity resistance, unbreathing,
petrification resistance, rot immunity, AC +3
a: no special abilities


You were on level 1 of the Dungeon.
You were not hungry.

You visited 1 branch of the dungeon, and saw 2 of its levels.

You collected 50 gold pieces.

Inventory:

Hand Weapons
 m - a +0 mace (weapon)
Missiles
 b - 42 stones (quivered)
Armour
 c - a +0 robe (worn)
Scrolls
 a - 2 scrolls of identify {unknown}
 f - a scroll of enchant armour {unknown}
 g - a scroll of fog {unknown}
 i - a scroll of remove curse {unknown}
 k - 2 scrolls of teleportation {unknown}
Potions
 e - 2 potions of curing {unknown}
 j - a potion of heal wounds {unknown}
Comestibles
 d - 5 rations


   Skills:
 - Level 1.5 Dodging
 - Level 2.1 Stealth
 + Level 2.6 Spellcasting
 + Level 0.0 Conjurations
   Level 0.7 Transmutations
 + Level 4.4 Earth Magic


You had 3 spell levels left.
You knew the following spells:

 Your Spells              Type           Power        Failure   Level  Hunger
a - Sandblast             Erth           ###...       3%          1    #......
b - Stone Arrow           Conj/Erth      #.....       24%         3    ###....

Your spell library contained the following spells:

 Spells                   Type           Power        Failure   Level  Hunger
 Passwall                 Tmut/Erth      ##......     11%         2    ##.....
 Petrify                  Tmut/Erth      ##......     56%         4    #####..
 Lee's Rapid Deconstruct  Erth           ###.......   65%         5    ######.


Dungeon Overview and Level Annotations

Branches:
Dungeon (2/15)

Altars:


Innate Abilities, Weirdness & Mutations

You are resistant to torment.
Your stone body is resilient. (AC +3)
You are immune to poison.
You resist negative energy. (rN+)
You are resistant to electric shocks. (rElec)
You can survive without breathing.
You are immune to petrification.
You are immune to rotting.


Message History

Casting: Sandblast (safe; 3% risk of failure)
Confirm with . or Enter, or press ? or * to list all spells.
Aiming: Sandblast (safe; 3% risk of failure)
Press: ? - help, Shift-Dir - straight line, f - gnoll
Aim: a gnoll, wielding a +1 antimagic whip The blast of sand hits the gnoll.
The gnoll is almost dead.
b - 42 stones The gnoll hits you with a +1 antimagic whip.
* * * LOW HITPOINT WARNING * * *
You feel your power leaking away.
Casting: Sandblast (safe; 3% risk of failure)
Confirm with . or Enter, or press ? or * to list all spells.
You don't have enough magic to cast that spell.
Unknown command.
You hit the gnoll.
The gnoll is almost dead.
The gnoll barely misses you.
The gnoll hits you with a +1 antimagic whip.
You die...

####.# #............
##.##.# #####.###.#..
##...#.# #.###.#..
##......### #........
#.........###########..
##.....##.##>....# #..
##...###.##.....####..
#....##.##...........
#.##@##.##.....#####.
#.##g##.##.....# #.
#...w...######## ##
#...>...# # #.##.##.# #
#.##.##.#############
#.##........##.......
#.#####.###.##.##....
#.#####.# #.......##.


You could see a worm and a gnoll.

Vanquished Creatures
  An ooze (D:1)
  A worm (D:1)
  A leopard gecko (D:1)
  3 bats (D:1)
  A giant cockroach (D:1)
  A hobgoblin (D:1)
  3 kobolds (D:1)
  3 frilled lizards (D:1)
  A goblin (D:1)
  5 rats (D:1)
20 creatures vanquished.

Notes
Turn   | Place    | Note
-------+----------+-------------------------------------------
     0 | D:1      | Cryolive the Gargoyle Earth Elementalist began the quest
                  | for the Orb.
     0 | D:1      | Reached XP level 1. HP: 10/10 MP: 3/3
   119 | D:1      | Reached XP level 2. HP: 14/15 MP: 0/5
   141 | D:1      | Reached skill level 4 in Earth Magic
   947 | D:1      | Reached XP level 3. HP: 16/19 MP: 2/7
   952 | D:1      | Learned a level 3 spell: Stone Arrow
   987 | D:1      | Slain by a gnoll

Vault maps used:
D:1:      lightli_molten_gateway
D:2:      okawaru_gym_becter

Skill      XL: |  1  2 |
---------------+-------+-----
Earth Magic    | 4 |  4.4
Dodging        | |  1.5
Stealth        | |  2.1
Spellcasting   | |  2.6
Transmutations | |  0.7

Action                   || total
-------------------------++-------
Melee: Unarmed           ||    22
       Dagger            ||    38
       Mace              ||    22
 Cast: Sandblast         ||    10
 Stab: Sleeping          ||     3
Armor: Robe              ||    24
Dodge: Dodged            ||    64

Table legend:
 A = Non-vault XP
 B = Vault XP
 C = Vault XP percentage of total XP
 D = Non-vault monster count
 E = Vault monster count
 F = Vault count percentage of total count
                 A         B        C        D         E       F
            +---------+---------+-------+---------+---------+-------
      Total |      37 |       0 |   0.0 |      20 |       0 |   0.0
            +---------+---------+-------+---------+---------+-------
        D:1 |      37 |       0 |   0.0 |      20 |       0 |   0.0
            +---------+---------+-------+---------+---------+-------
